 Dungeon Crawl Stone Soup version 0.23-a0-143-g1adec7b (webtiles) character file.

341 Inarius the Cutter (level 6, -4/43 HPs)
             Began as a Halfling Fighter on Sept 3, 2018.
             Was a Believer of Dithmenos.
             Killed from afar by an orc (7 damage)
             ... with a wand of flame (36)
             ... on level 5 of the Dungeon.
             The game lasted 00:08:33 (4197 turns).

Inarius the Cutter (Halfling Fighter)               Turns: 4197, Time: 00:08:33

Health: -4/43      AC:  8    Str: 19    XL:     6   Next: 87%
Magic:  6/6        EV:  9    Int:  9    God:    Dithmenos [**....]
Gold:   260        SH: 10    Dex: 14    Spells: 5/5 levels left

rFire    . . .     SeeInvis .   a - +0 rapier
rCold    . . .     Gourm    .   c - +0 shield
rNeg     . . .     Faith    .   d - +0 scale mail
rPois    .         Spirit   .   (no helmet)
rElec    .         Reflect  .   (no cloak)
rCorr    +         Harm     .   s - +0 pair of gloves
MR       .....                  (no boots)
Stlth    +.........             e - amulet of rage
HPRegen  0.14/turn              g - +3 ring of intelligence
MPRegen  0.10/turn              n - ring of resist corrosion

@: wreathed by umbra
A: small, mutation resistance 1
a: Shadow Step, Renounce Religion, Evoke Berserk Rage


You were on level 5 of the Dungeon.
You worshipped Dithmenos.
Dithmenos was pleased with you.
You were not hungry.

You visited 1 branch of the dungeon, and saw 5 of its levels.
You also visited: Ossuary.

You collected 260 gold pieces.

Inventory:

Hand Weapons
 a - a +0 rapier (weapon)
 b - a +0 hunting sling
Missiles
 j - 74 stones (quivered)
 q - 8 sling bullets
Armour
 c - a +0 shield (worn)
 d - a +0 scale mail (worn)
 s - a +0 pair of gloves (worn)
Jewellery
 e - an amulet of rage (around neck)
 g - a +3 ring of intelligence (left hand)
 n - a ring of resist corrosion (right hand)
Scrolls
 h - 2 scrolls of teleportation
 i - a scroll of identify
 l - a scroll of enchant armour {unknown}
 p - 2 scrolls of magic mapping {unknown}
 r - 3 scrolls of fog
 t - 2 scrolls of enchant weapon
 u - a scroll of amnesia {unknown}
Potions
 k - 2 potions of magic
 m - 2 potions of curing {unknown}
 o - 5 potions of invisibility
 v - 2 potions of haste
 w - 2 potions of mutation {unknown}
 x - 3 potions of brilliance {unknown}
 z - a potion of might
 A - a potion of flight {unknown}
Comestibles
 f - 5 rations
 B - a chunk of flesh


   Skills:
 * Level 3.9 Fighting
 + Level 4.6 Short Blades
 + Level 1.4 Slings
 + Level 4.2 Armour
 + Level 1.0 Dodging
 * Level 2.7 Stealth
 + Level 4.0 Shields


You had 5 spell levels left.
You didn't know any spells.
Your spell library was empty.

Dungeon Overview and Level Annotations

Branches:
Dungeon (5/15)
 Temple: D:4-7

Altars:
Dithmenos
Nemelex Xobeh
Vehumet


Innate Abilities, Weirdness & Mutations

You are small and have problems with some larger weapons.
You are somewhat resistant to further mutation.


Message History

You block the orc's attack. The orc priest hits you with a war axe.
You hit the orc priest.
You kill the orc priest!
Dithmenos accepts your kill.
You can now step into the shadows of nearby creatures.
Your Slings skill increases to level 1!
The orc hits you but does no damage.
You closely miss the orc. The orc hits you but does no damage.
You hit the orc.
The orc is heavily wounded.
The orc zaps a wand.
The puff of flame hits you!
* * * LOW HITPOINT WARNING * * *
The orc completely misses you.
You hit the orc but do no damage.
The orc is heavily wounded.
The orc hits you with a whip.
* * * LOW HITPOINT WARNING * * *
Okay, then.
The orc zaps a wand.
The puff of flame hits you!
You die...

######.≈≈≈≈
....(....)
#......... #
#..... ...
#.##..)#...# ..
#.....###.###..
####.o.#...#..
# #....._...
.##
##.@.#...#.....
#...###.###....
#....#...#.....
#............#
#..#.#...###.##
#..#........<.#
#............<#
#..#..#...###.#
##.#..#.#.# #


You could see an orc.

Vanquished Creatures
  An ogre (D:3)
  An orc priest (D:5)
  A bullfrog skeleton (D:4)
  A worker ant (D:4)
  3 mummies (Ossuary)
  5 adders
  4 oozes
  A worm (D:2)
  2 dart slugs (D:1)
  3 leopard geckos
  3 orcs
  6 giant cockroaches
  6 hobgoblins
  5 jackals (D:3)
  3 quokkas
  3 ball pythons
  9 bats
  4 frilled lizards
  4 gnoll skeletons (Ossuary)
  7 gnoll zombies
  3 goblins
  3 goblin skeletons (Ossuary)
  A goblin zombie (Ossuary)
  2 hobgoblin skeletons (Ossuary)
  4 hobgoblin zombies (Ossuary)
  A jackal zombie (D:5)
  8 kobolds
  2 kobold zombies (Ossuary)
  2 orc skeletons (Ossuary)
  An orc zombie (Ossuary)
  A quokka zombie (D:5)
  7 rats
  4 rat skeletons (Ossuary)
  A rat zombie (Ossuary)
112 creatures vanquished.

Vanquished Creatures (others)
  A mummy (Ossuary)
  3 gnoll skeletons (Ossuary)
  3 goblin zombies (Ossuary)
  4 hobgoblin skeletons (Ossuary)
  A hobgoblin zombie (Ossuary)
  A kobold skeleton (Ossuary)
  2 kobold zombies (Ossuary)
  4 orc zombies (Ossuary)
  2 rat skeletons (Ossuary)
21 creatures vanquished.

Grand Total: 133 creatures vanquished

Notes
Turn   | Place    | Note
-------+----------+-------------------------------------------
     0 | D:1      | Inarius the Halfling Fighter began the quest for the Orb.
     0 | D:1      | Reached XP level 1. HP: 15/15 MP: 1/1
   322 | D:1      | Reached XP level 2. HP: 17/20 MP: 2/2
  1255 | D:2      | Reached XP level 3. HP: 23/25 MP: 3/3
  1432 | D:2      | Reached XP level 4. HP: 28/31 MP: 4/4
  1852 | D:2      | Reached skill level 1 in Stealth
  2349 | D:3      | Found a shadowy altar of Dithmenos.
  2358 | D:3      | Became a worshipper of Dithmenos the Shadowed
  2441 | D:3      | Reached XP level 5. HP: 36/36 MP: 5/5
  3056 | D:4      | Noticed an ogre
  3142 | D:3      | Killed an ogre
  3142 | D:3      | Reached XP level 6. HP: 43/43 MP: 6/6
  3339 | D:4      | Found a sparkling altar of Nemelex Xobeh.
  3420 | D:4      | Reached skill level 1 in Dodging
  3589 | D:5      | Entered Level 5 of the Dungeon
  3602 | D:5      | Found a sand-covered staircase.
  3624 | Ossuary  | Entered an ossuary
  3732 | Ossuary  | Reached * piety under Dithmenos
  4155 | D:5      | Found a radiant altar of Vehumet.
  4191 | D:5      | Reached ** piety under Dithmenos
  4191 | D:5      | Reached skill level 1 in Slings
  4197 | D:5      | Killed from afar by an orc

Vault maps used:
D:1:      scummos_arrival_hexagon
D:3:      nicolae_overflow_crystal_walls
D:4:      first_ration, nemelex_xobeh_ov_fountains_minmay
D:5:      vehumet_crystals, lemuel_temple_firewalk_b, enter_ossuary_3,
          serial_shops, kennysheep_mini_moat, uniq_menkaure
Ossuary:  ossuary_due_pyramid

Skill      XL: |  1  2  3  4  5  6 |
---------------+-------------------+-----
Short Blades   | 3 4 |  4.6
Fighting       | 3 |  3.9
Stealth        | 1 2 |  2.7
Armour         | 4 |  4.2
Shields        | 4 |  4.0
Dodging        | 1 |  1.0
Slings         | 1 |  1.4

Action                   |  1- 3 |  4- 6 || total
-------------------------+-------+-------++-------
Melee: Rapier            |    86 |   201 ||   287
 Fire: Hunting sling     |       |   136 ||   136
  Use: Scroll            |       |     6 ||     6
       Potion            |       |     1 ||     1
  Eat: Chunk             |     2 |     6 ||     8
       Ration            |       |     1 ||     1
Armor: Scale mail        |    22 |    79 ||   101
Dodge: Dodged            |    31 |    67 ||    98
Block: Shield            |    29 |   115 ||   144

Table legend:
 A = Non-vault XP
 B = Vault XP
 C = Vault XP percentage of total XP
 D = Non-vault monster count
 E = Vault monster count
 F = Vault count percentage of total count
                 A         B        C        D         E       F
            +---------+---------+-------+---------+---------+-------
      Total |     436 |      52 |  10.7 |      77 |      25 |  24.5
            +---------+---------+-------+---------+---------+-------
        D:1 |      25 |       0 |   0.0 |      13 |       0 |   0.0
        D:2 |      92 |       0 |   0.0 |      26 |       0 |   0.0
        D:3 |     180 |       0 |   0.0 |      25 |       0 |   0.0
        D:4 |      89 |       0 |   0.0 |       8 |       0 |   0.0
        D:5 |      50 |       2 |   3.8 |       5 |       2 |  28.6
    Ossuary |       0 |      50 | 100.0 |       0 |      23 | 100.0
            +---------+---------+-------+---------+---------+-------
